 Dungeon Crawl Stone Soup version 0.28.0 (webtiles) character file.

Game seed: 5239875798540086250

2418 jjjjhere the Mender (level 9, -13/111 HPs)
             Began as a Deep Dwarf Arcane Marksman on Feb 17, 2022.
             Was a Priest of Elyvilon.
             Mangled by an orc knight (31 damage)
             ... in a bailey.
             The game lasted 00:17:46 (7910 turns).

jjjjhere the Mender (Deep Dwarf Arcane Marksman)    Turns: 7910, Time: 00:17:46

Health: -13/111    AC:  5    Str: 15    XL:     9   Next: 24%
Magic:  14/14      EV: 19    Int: 15    God:    Elyvilon [***...]
Gold:   362        SH:  0    Dex: 15    Spells: 9/10 levels left

rFire   . . .      SeeInvis .   b - +0 hand axe
rCold   . . .      Faith    +   (no shield)
rNeg    . . .      Spirit   .   F - +0 ring mail
rPois   .          Reflect  .   (no helmet)
rElec   .          Harm     .   (no cloak)
rCorr   .          Rampage  .   (no gloves)
Will    +....                   (no boots)
Stlth   ..........              t - amulet of faith
HPRegen 0.00/turn               m - +4 ring of evasion
MPRegen 0.14/turn               B - +4 ring of evasion

@: berserking (expiring), very quick
A: damage resistance, heal wounds, sense surroundings 2, no regeneration
a: Heal Wounds, Renounce Religion, Purification, Heal Other, Heal Self


You were in a bailey.
You worshipped Elyvilon.
Elyvilon was most pleased with you.
You visited 1 branch of the dungeon, and saw 8 of its levels.
You also visited: Bailey.

You collected 390 gold pieces.
You spent 28 gold pieces at shops.

Inventory:

Hand Weapons
 a - a +0 hunting sling
 b - a +0 hand axe (weapon)
 r - a +0 trident
 v - a +0 mace
Missiles
 c - 33 sling bullets
 e - 156 stones (quivered)
 i - 13 poisoned darts
Armour
 d - a +0 robe
 F - a +0 ring mail (worn)
Jewellery
 h - a ring of protection from cold
 m - a +4 ring of evasion (left hand)
 t - an amulet of faith (around neck)
 x - a +6 ring of dexterity
 A - a ring of positive energy
 B - a +4 ring of evasion (right hand)
Wands
 p - a wand of flame (8)
 C - a wand of mindburst (3)
Scrolls
 f - 2 scrolls of noise {unknown}
 g - 3 scrolls of teleportation
 k - a scroll of brand weapon {unknown}
 n - 2 scrolls of fog {unknown}
 q - a scroll of immolation {unknown}
 s - a scroll of enchant armour {unknown}
 u - 3 scrolls of enchant weapon {unknown}
 w - a scroll of torment {unknown}
 y - a scroll of blinking {unknown}
 z - a scroll of magic mapping {unknown}
Potions
 j - 2 potions of magic
 l - 3 potions of haste
 D - a potion of mutation {unknown}
 E - a potion of degeneration {unknown}


   Skills:
 - Level 2.5 Fighting
 + Level 7.5 Axes
 - Level 7.6 Slings
 - Level 2.1 Dodging
 - Level 1.0 Spellcasting
 - Level 2.4 Hexes
 - Level 9.5 Invocations
 + Level 0.0 Evocations


You had 9 spell levels left.
You knew the following spells:

 Your Spells              Type           Power      Damage    Failure   Level
a - Slow                  Hex            28%        N/A       19%         1

Your spell library contained the following spells:

 Spells                   Type           Power      Damage    Failure   Level
 Shock                    Conj/Air       0%         1d3       43%         1
 Sting                    Tmut/Pois      0%         1d3       43%         1
 Poisonous Vapours        Pois/Air       0%         N/A       58%         2
 Inner Flame              Hex/Fire       4%         N/A       65%         3
 Portal Projectile        Hex/Tloc       8%         N/A       65%         3
 Frozen Ramparts          Ice            0%         1d2       82%         3
 Swiftness                Air            0%         N/A       82%         3
 Cause Fear               Hex            3%         N/A       88%         4
 Airstrike                Air            0%         N/A       99%         4
 Ice Form                 Ice/Tmut       0%         N/A       99%         4
 Olgreb's Toxic Radiance  Pois           0%         N/A       99%         4
 Summon Ice Beast         Ice/Summ       0%         N/A       99%         4


Dungeon Overview and Level Annotations

Branches:
Dungeon (8/15)             Temple (0/1) D:4          Bailey (1/1)
   Lair: D:8-11

Altars:
Elyvilon
Hepliaklqana

Shops:
D:2 ?(:   D:4 [


Innate Abilities, Weirdness & Mutations

You are resistant to damage.
You can heal yourself by infusing magical energy.
You passively map the area around you.
You do not regenerate.


Message History

You blow up the orc!
Things that are here:
a +0 glaive; a +0 ring mail; an orc corpse
Okay, then.
You feel much better.
The orc knight roars a battlecry!
The orc warriors go into a battle-frenzy!
The orc warrior closely misses you. The orc warrior misses you.
You feel much better. The orc warrior completely misses you.
The orc warrior closely misses you.
The orc warrior curses loudly.
The orc warrior completely misses you.
A red film seems to cover your vision as you go berserk!
You feel yourself moving faster!
You feel mighty! The orc warrior misses you.
The orc warrior hits you from afar with a +0 spear!
The orc warrior hits you with a +0 glaive!!
You closely miss the orc warrior.
The orc warrior is moderately wounded.
The orc warrior barely misses you. The orc warrior completely misses you.
You hit the orc warrior.
The orc warrior is heavily wounded.
The orc warrior no longer looks unusually strong. x2
The orc warrior hits you from afar with a +0 spear!!
The orc warrior closely misses you. The orc warrior completely misses you.
You barely miss the orc knight. You barely miss the orc warrior.
You closely miss the orc warrior. The orc warrior barely misses you.
The orc warrior closely misses you. x3
You closely miss the orc knight. You hit the orc warrior. x2
The orc knight hits you with a +0 bardiche!
The orc warrior hits you from afar with a +0 halberd.
You hit the orc knight.
The orc knight is lightly wounded.
You slash the orc warrior!
You kill the orc warrior!
You hit the orc warrior.
The orc warrior hits you from afar with a +0 spear!!
* * * LOW HITPOINT WARNING * * *
The orc knight hits you with a +0 bardiche!!
You die...

♣........♣ #♣..∩..∩..♣#
#..........#
##..........##
#............###
#.♣............ ♣
###.♣♣.......♣.♣..♣#
♣♣.)ooo...........≈≈#
♣...@.o#....#....≈≈≈#
♣...≈≈≈≈#.o..#≈≈≈≈≈≈≈#
♣.≈≈≈≈≈≈#o...#≈≈≈≈≈≈≈#
*
♣≈≈≈≈≈≈≈#o...#≈≈≈≈≈≈≈#
≈≈≈≈≈≈≈≈≈#oo..#≈≈≈≈≈♣♣#
#≈≈≈≈≈≈...#....#...♣♣♣
#≈≈≈≈.......)....♣.., *
#≈≈≈................,
.####........###


You could see an orc knight and 3 orc warriors.

Vanquished Creatures
  A sky beast (D:7)
  2 orc warriors (Bailey)
  A black bear (D:7)
  A necrophage (D:5)
  An ice beast (D:5)
  A centaur (D:5)
  A kobold brigand (D:7)
  A bullfrog (D:6)
  3 scorpions
  A wyvern zombie (D:8)
  2 killer bees (D:7)
  3 jellies
  A centaur zombie (D:6)
  2 bullfrog zombies
  An iguana (D:7)
  3 orc wizards
  3 gnolls
  5 adders
  An adder skeleton (D:4)
  2 worms
  4 dart slugs
  15 orcs
  3 bats
  6 endoplasms
  A giant cockroach (D:3)
  11 goblins
  4 hobgoblins
  6 jackals
  5 quokkas
  4 ball pythons
  A frilled lizard (D:3)
  9 kobolds
  2 rats
107 creatures vanquished.

Vanquished Creatures (collateral kills)
  An acid dragon (D:5)
  A sky beast (D:5)
  A gnoll sergeant (D:5)
  A howler monkey (D:5)
  A hound (D:5)
  An iguana (D:5)
  A gnoll (D:5)
7 creatures vanquished.

Vanquished Creatures (others)
  A sky beast (D:5)
  3 killer bees (D:7)
  A centaur zombie (D:7)
  29 plants (D:2)
34 creatures vanquished.

Grand Total: 148 creatures vanquished

Notes
Turn   | Place    | Note
-------+----------+-------------------------------------------
     0 | D:1      | jjjjhere the Deep Dwarf Arcane Marksman began the quest for
                  | the Orb.
     0 | D:1      | Reached XP level 1. HP: 16/16 MP: 2/2
    86 | D:1      | Found a faded altar of an unknown god.
   210 | D:1      | Reached skill level 1 in Fighting
   248 | D:1      | Reached XP level 2. HP: 25/25 MP: 3/3
   288 | D:1      | You fall into a shaft and drop 1 floor!
   918 | D:2      | Found a white marble altar of Elyvilon.
   922 | D:2      | Became a worshipper of Elyvilon the Healer
  1139 | D:2      | Reached XP level 3. HP: 31/31 MP: 4/4
  1253 | D:2      | Found Jeimel's Book Shoppe.
  1325 | D:2      | Found Huir's Magic Scroll Emporium.
  1334 | D:2      | Bought a scroll of identify for 28 gold pieces
  1519 | D:2      | Found Qigel's Antique Weapon Emporium.
  1558 | D:2      | Reached * piety under Elyvilon
  1734 | D:3      | Noticed an ice beast
  1735 | D:3      | HP: 9/31 [ice beast (12)]
  2024 | D:3      | Reached XP level 4. HP: 35/39 MP: 5/5
  2475 | D:3      | Reached skill level 5 in Slings
  2741 | D:3      | Reached ** piety under Elyvilon
  3056 | D:4      | Found a staircase to the Ecumenical Temple.
  3200 | D:4      | Found Yghimygh's Antique Armour Shop.
  3381 | D:4      | Reached XP level 5. HP: 29/45 MP: 6/6
  3463 | D:4      | Reached *** piety under Elyvilon
  3553 | D:5      | Entered Level 5 of the Dungeon
  3730 | D:5      | Noticed an ice beast
  3840 | D:5      | Noticed a necrophage
  3848 | D:5      | HP: 15/46 [necrophage (5)]
  3854 | D:5      | HP: 12/44 [necrophage (2)]
  3890 | D:5      | HP: 13/44 [necrophage (5)]
  3894 | D:5      | Killed a necrophage
  3895 | D:5      | Reached skill level 2 in Invocations
  3895 | D:5      | Reached XP level 6. HP: 36/55 MP: 3/6
  3991 | D:5      | Noticed an acid dragon
  4176 | D:5      | Noticed a sky beast
  4274 | D:5      | HP: 18/55 [ice beast (9)]
  4280 | D:5      | Killed an ice beast
  4281 | D:5      | Reached skill level 1 in Axes
  4281 | D:5      | Reached skill level 3 in Invocations
  4366 | D:5      | Reached XP level 7. HP: 33/61 MP: 7/7
  4450 | D:5      | HP: 20/61 [sky beast (4)]
  4469 | D:5      | HP: 13/61 [acid dragon/splash of acid (14)]
  4476 | D:5      | Reached skill level 4 in Invocations
  4486 | D:5      | Reached skill level 5 in Invocations
  4767 | D:5      | Reached XP level 8. HP: 32/68 MP: 10/10
  5247 | D:5      | Found a hazy altar of Hepliaklqana.
  5414 | D:6      | Reached skill level 6 in Invocations
  5463 | D:6      | HP: 17/68 [something (7)]
  5464 | D:6      | HP: 8/68 [something (3)]
  5479 | D:6      | HP: 16/68 [something (9)]
  5692 | D:6      | HP: 19/68 [scorpion (7)]
  5779 | D:6      | HP: 21/68 [acid (6)]
  5910 | D:6      | HP: 22/68 [acid (1)]
  5952 | D:6      | HP: 20/68 [acid (2)]
  6232 | D:6      | Reached skill level 5 in Axes
  6416 | D:6      | Pacified an unseen horror
  6416 | D:6      | Noticed an unseen horror
  6417 | D:6      | Reached skill level 7 in Invocations
  6702 | D:7      | Reached skill level 8 in Invocations
  7008 | D:7      | Gained mutation: You passively map the area around you.
                  | [Deep Dwarf growth]
  7008 | D:7      | Reached XP level 9. HP: 44/74 MP: 13/13
  7087 | D:7      | Reached skill level 9 in Invocations
  7192 | D:7      | HP: 22/74 [sky beast (5)]
  7639 | D:8      | Noticed a two-headed ogre
  7653 | D:8      | Found a flagged portal.
  7654 | D:8      | Noticed a two-headed ogre
  7669 | D:8      | HP: 16/74 [two-headed ogre (15)]
  7669 | D:8      | HP: 4/74 [two-headed ogre (12)]
  7693 | D:8      | HP: 24/74 [killer bee (5)]
  7701 | D:8      | HP: 17/74 [centaur/arrow (7)]
  7711 | Bailey   | Entered a bailey
  7878 | Bailey   | Noticed an orc knight
  7910 | Bailey   | HP: 18/111 [orc warrior (21)]
  7910 | Bailey   | Mangled by an orc knight

Illustrated notes

Levels and vault maps discovered:
D:1:      ebering_trefoil_twist, layout_basic,
          ebering_ecumenical_altar_abandoned
D:2:      layout_loops_ring, basic_altar, serial_bayou, serial_bayou_pond_c,
          serial_bayou_pond_c, serial_bayou_crossing, serial_bayou_shore_b,
          serial_bayou_lagoon_a, serial_shops, nicolae_square_shop, shop,
          nicolae_shop_crystal
D:3:      layout_basic, serial_rivers, chequers_serial_rivers_micro_a,
          chequers_serial_rivers_marsh, chequers_serial_rivers_micro_e,
          chequers_serial_rivers_large_b
D:4:      layout_basic, temple_doors_cd, serial_shops, nicolae_square_shop
D:5:      layout_layer_cave, marbit_many_paths
D:6:      layout_basic
D:7:      layout_basic
D:8:      layout_layer_cave, enter_bailey_2, minmay_strange_pillars,
          uniq_joseph, uniq_maggie
Bailey:   bailey_polearm_elven_captive_hellmonk, bailey

Skill      XL: |  1  2  3  4  5  6  7  8  9 |
---------------+----------------------------+-----
Fighting       | 1 2 |  2.5
Slings         | 3 4 5 6 7 |  7.6
Invocations    | 2 3 5 8 9 |  9.5
Axes           | 2 4 6 7 |  7.5
Dodging        | |  2.1
Spellcasting   | |  1.0
Hexes          | |  2.4

Action                   |  1- 3 |  4- 6 |  7- 9 || total
-------------------------+-------+-------+-------++-------
Melee: Hand axe          |       |    12 |   237 ||   249
       Punch             |       |       |     6 ||     6
 Fire: Hunting sling     |   128 |   262 |    27 ||   417
Invok: Heal Self         |       |     2 |    14 ||    16
       Heal Other        |       |       |    10 ||    10
 Abil: Heal Wounds       |     1 |     2 |     6 ||     9
Evoke: Wand              |       |       |    22 ||    22
  Use: Scroll            |     1 |     2 |     3 ||     6
       Potion            |       |       |     1 ||     1
Armor: Ring mail         |    11 |    21 |    86 ||   118
       Robe              |     1 |       |       ||     1
Dodge: Dodged            |    27 |   107 |   253 ||   387
